 Dungeon Crawl Stone Soup version 0.30-a0-964-gd452b5e7fa (webtiles) character file.

Game seed: 9112645768794391533

28 vishdafish the Conjurer (level 3, 24/24 HPs)
             Began as a Demonspawn Conjurer on Mar 31, 2023.
             Quit the game on level 1 of the Dungeon.
             The game lasted 00:00:51 (947 turns).

vishdafish the Conjurer (Demonspawn Conjurer)        Turns: 947, Time: 00:00:52

Health: 24/24      AC:  2    Str:  7    XL:     3   Next: 0%
Magic:  4/7        EV: 12    Int: 21    God:
Gold:   69         SH:  0    Dex: 11    Spells: 6/7 levels left

rFire   . . .      SeeInvis .    (no weapon)
rCold   . . .      Faith    .    (no shield)
rNeg    . . .      Spirit   .    a - +0 robe
rPois   .          Reflect  .    (helmet restricted)
rElec   .          Rampage  .    (no cloak)
rCorr   .                        (no gloves)
Will    .....                    (no boots)
Stlth   ++                       (no amulet)
HPRegen 0.24/turn                (no ring)
MPRegen 0.10/turn                (no ring)

@: no status effects
A: antennae 1, demonic guardian 1
a: no special abilities


You were on level 1 of the Dungeon.
You visited 1 branch of the dungeon, and saw 1 of its levels.

You collected 69 gold pieces.

Inventory:

Armour
 a - a +0 robe (worn)
Scrolls
 c - a scroll of teleportation {unknown}
 d - a scroll of identify {unknown}
 e - a scroll of fear {unknown}
Potions
 b - 2 potions of magic


   Skills:
 - Level 1.7 Dodging
 - Level 1.7 Stealth
 + Level 2.7 Spellcasting
 + Level 4.5 Conjurations


You had 6 spell levels left.
You knew the following spells:

 Your Spells              Type           Power      Damage    Failure   Level
a - Magic Dart            Conj           84%        1d7       2%          1

Your spell library contained the following spells:

 Spells                   Type           Power      Damage    Failure   Level
 Searing Ray              Conj           42%        2d6       3%          2
 Momentum Strike          Conj/Tloc      24%        3d8       9%          2
 Dazzling Flash           Conj/Hex       24%        N/A       16%         3
 Blink                    Tloc           4%         N/A       21%         2
 Lesser Beckoning         Tloc           4%         N/A       21%         2
 Fulminant Prism          Conj/Hex       6%         3d7       47%         4
 Iskenderun's Mystic Bla  Conj/Tloc      12%        2d5       47%         4


Dungeon Overview and Level Annotations

Branches:
Dungeon (1/15)

Altars:

Annotations:
D:1 1 runed translucent door


Innate Abilities, Weirdness & Mutations

You have a pair of small antennae on your head.
A weak demonic guardian rushes to your aid.


Message History

A bat is nearby!
A bat is nearby!
The magic dart hits the bat.
You kill the bat!
You can't see any susceptible monsters within range! (Use Z to cast anyway.)
You can't see any susceptible monsters within range! (Use Z to cast anyway.)
A hobgoblin comes into view.
You see here 14 gold pieces.
A hobgoblin is nearby!
A hobgoblin is nearby!
The magic dart hits the hobgoblin.
The hobgoblin is severely wounded.
The hobgoblin shouts!
The magic dart hits the hobgoblin.
You kill the hobgoblin!
You can't see any susceptible monsters within range! (Use Z to cast anyway.)
You now have 69 gold pieces (gained 14).
You see here a bat corpse.
A quokka comes into view.
A quokka is nearby!
A quokka is nearby!
The magic dart hits the quokka.
You kill the quokka!
You can't see any susceptible monsters within range! (Use Z to cast anyway.)
You can't see any susceptible monsters within range! (Use Z to cast anyway.)
Found a robe.
You see here a +0 robe.
A hobgoblin comes into view.
The hobgoblin shouts!
A hobgoblin is nearby!
The magic dart hits the hobgoblin.
The hobgoblin is heavily wounded.
The magic dart hits the hobgoblin.
You kill the hobgoblin!
You have reached level 3!
Your experience leads to an increase in your attributes!
Increase (S)trength, (I)ntelligence, or (D)exterity?
You feel clever. x2; Your demonic ancestry asserts itself...
You feel the presence of a demonic guardian.
Are you sure you want to abandon this character and quit the game? (Confirm with "yes".)

#.########.#########.#.#
#.# #.# #.# #.#.# #.#
#.# #.# #.#.# #.# #.#
#.# #.#.# #.# #.#
#.#########.#.# .# #.#
#.......[...#.# #.#
#.###########
##.####################
#..............@.......
#######################


There were no monsters in sight!

Vanquished Creatures
  An endoplasm (D:1)
  A giant cockroach (D:1)
  2 goblins (D:1)
  4 hobgoblins (D:1)
  3 jackals (D:1)
  A kobold (D:1)
  2 quokkas (D:1)
  A ball python (D:1)
  2 bats (D:1)
  10 rats (D:1)
27 creatures vanquished.

Notes
Turn   | Place    | Note
-------+----------+-------------------------------------------
     0 | D:1      | vishdafish the Demonspawn Conjurer began the quest for the
                  | Orb.
     0 | D:1      | Reached XP level 1. HP: 13/13 MP: 3/3
     1 | D:1      | Found a runed translucent door.
   243 | D:1      | Gained mutation: You have a pair of small antennae on your
                  | head. [demonic ancestry]
   243 | D:1      | Reached XP level 2. HP: 19/19 MP: 3/5
   947 | D:1      | Gained mutation: A weak demonic guardian rushes to your
                  | aid. [demonic ancestry]
   947 | D:1      | Reached XP level 3. HP: 24/24 MP: 4/7
   947 | D:1      | Quit the game

Illustrated notes

Levels and vault maps discovered:
D:1:      dpeg_arrival_caged_fury, layout_basic, minmay_rat_gold_closets

Action                     || total
---------------------------++-------
  Melee: Unarmed           ||     7
   Cast: Magic Dart        ||    43
  Dodge: Dodged            ||     6

Table legend: (Time is in decaauts)
 A = Elapsed time spent in this place.
 B = Non-inter-level travel time spent in this place.
 C = Inter-level travel time spent in this place.
 D = Time resting spent in this place.
 E = Time spent auto-exploring this place.
 F = Levels seen in this place.
 G = Mean time per level.
                   A        B        C        D        E       F      G
               +--------+--------+--------+--------+--------+-----+--------+
         Total |    947 |    947 |      0 |      0 |    848 |   1 |  947.0 |
       Dungeon |    947 |    947 |      0 |      0 |    848 |   1 |  947.0 |
               +--------+--------+--------+--------+--------+-----+--------+

Top non-repeatable levels by time:
     D:1: 947 daAuts
